AoeStats
← Boiorix

Scandinavia

510627043Analyzed
1v1 RM · 1d ago on Oct 1, 2026· 50m 45s· 2 players
Game mode
Random Map
Map size
Tiny (2 player)
Population
200
Speed
Normal
Resources
Standard
Victory
Conquest
Starting age
Dark Age
Ending age
Imperial Age
RankedLock teamsTeams togetherTeam positionsShared explorationLock speedFull tech treeHidden civsTurbo modeCheats
Victory
Defeat
🇨🇴 Vikings · Colombia
1080
+18
🇧🇷 Malay · Brazil
1116
-18
simon.ruiz
0:32 Loom
11:52 Feudal Age
12:34 Double-Bit Axe
18:35 Fletching
18:47 Padded Archer Armor
21:14 Horse Collar
23:49 Castle Age
23:17 Gold Mining
24:41 Bow Saw
24:32 Heavy Plow
26:47 Forging
26:42 Scale Barding Armor
28:20 Iron Casting
31:03 Stone Mining
32:13 Gold Shaft Mining
41:11 Imperial Age
40:19 Elite Skirmisher
40:22 Pikeman
42:34 Conscription
42:23 Crossbowman
43:04 Squires
42:50 Arson
43:07 Scale Mail Armor
43:28 Chain Barding Armor
43:49 Crop Rotation
44:20 Two-Man Saw
46:14 Elite Berserk
46:55 Chieftains
46:57 Bogsveigar
49:22 Chain Mail Armor
50:08 Blast Furnace
49:24 Leather Archer Armor
48:33 Elite Varangian Guard
Boiorix
7:10 Loom
12:47 Feudal Age
18:28 Castle Age
17:08 Double-Bit Axe
35:58 Forging
40:44 Iron Casting
40:40 Horse Collar
44:07 Imperial Age
41:15 Pikeman
47:31 Blast Furnace
46:19 Halberdier
49:27 Wheelbarrow
49:12 Capped Ram
Connection lost

Rejoining the realm…

Still unreachable

The connection could not be restored.

Session expired

The server has moved on; the page needs a fresh start.